 Dungeon Crawl Stone Soup version 0.31-a0-187-gba352fbbf7 (webtiles) character file.

Game seed: 1352415811494810102

37 qw the Shooter (level 3, -3/20 HPs)
             Began as a Deep Elf Hunter on June 22, 2023.
             Slain by a gnoll
             ... wielding a +0 club
              (5 damage)
             ... on level 2 of the Dungeon.
             The game lasted 00:00:27 (1247 turns).

qw the Shooter (Deep Elf Hunter)                    Turns: 1247, Time: 00:00:28

Health: -3/20      AC:  6    Str: 10    XL:     3   Next: 23%
Magic:  5/5        EV: 11    Int: 13    God:
Gold:   19         SH:  0    Dex: 18    Spells: 2/2 levels left

rFire   . . .        Y - +2 shortbow
rCold   . . .        (shield currently unavailable)
rNeg    . . .        k - +0 ring mail
rPois   .            (no helmet)
rElec   .            h - +0 cloak
rCorr   .            (no gloves)
SInv    .            (no boots)
Will    .....        (no amulet)
Stlth   +            (no ring)
HPRegen 0.23/turn    (no ring)
MPRegen 0.09/turn

%: no passive effects
@: no status effects
A: no striking features
a: no special abilities


You were on level 2 of the Dungeon.
You visited 1 branch of the dungeon, and saw 3 of its levels.

You collected 123 gold pieces.
You spent 104 gold pieces at shops.


   Skills:
 - Level 1.5 Fighting
 + Level 6.8 Ranged Weapons
 - Level 2.4 Dodging
 - Level 1.2 Stealth


You had 2 spell levels left.
You didn't know any spells.
Your spell library was empty.

Inventory:

Hand Weapons
 Y - a +2 shortbow (weapon)
Armour
 h - a +0 cloak (worn)
 k - a +0 ring mail (worn)
Jewellery
 i - a ring of fire
Scrolls
 b - a scroll of identify
Potions
 a - a potion of curing {unknown}
 d - a potion of brilliance {unknown}
 g - a potion of heal wounds {unknown}

Dungeon Overview and Level Annotations

Branches:
Dungeon (3/15)

Altars:

Shops:
D:2 ?


Message History

There is a stone staircase leading up here.
There are monsters nearby!
Waypoint 2 assigned to D:3.
You shoot an arrow. The arrow hits the gnoll!
The gnoll is severely wounded.
The gnoll barely misses you.
You shoot an arrow. The arrow hits the gnoll.
The gnoll is severely wounded.
The gnoll hits you with a +0 spear.
1225 ||| STAIRDANCE You climb upwards.
There is a stone staircase leading down here.
Enter note:
Enter note:
Enter note:
Enter note:
Enter note:
Enter note: You start resting.
HP restored.
Done exploring.
(D) Dungeon
Where to? (* - list waypoints, Enter - D:3, ? - help)
What level of the Dungeon? (default 1, ? - help)
You climb downwards.
The gnoll hits you from afar with a +0 spear.
There is a stone staircase leading up here.
1243 ||| STAIRDANCE The gnoll hits you from afar with a +0 spear.
The gnoll barely misses you.
You climb upwards.
There is a stone staircase leading down here.
You shoot an arrow. The arrow closely misses the gnoll.
The gnoll hits you with a +0 club! The gnoll hits you but does no damage.
You shoot an arrow. The arrow hits the gnoll.
The gnoll is moderately wounded.
The gnoll hits you with a +0 club.
You shoot an arrow. The arrow hits the gnoll.
The gnoll is severely wounded.
The gnoll hits you with a +0 club.
You die...

.#...............#
...#..........#####
...........#......#
...........#......#
...........#......#
..#......)......<.#
..#....<..##......#####
#)#.......##..........#
#........<##....@g....##
#.........##......###..##
..#.....####.....^# #(..#
#.##....#.........# #####
#.###.....#########
......%.######
..<.....#.####
........#.#%#####
......###.###...#


You could see a gnoll.

Vanquished Creatures
  A worm (D:2)
  2 dart slugs (D:2)
  A bat (D:2)
  3 endoplasms (D:2)
  4 goblins
  3 hobgoblins (D:2)
  4 quokkas
  5 ball pythons (D:1)
  3 rats
26 creatures vanquished.

Notes
Turn   | Place    | Note
-------+----------+-------------------------------------------
     0 | D:1      | qw the Deep Elf Hunter began the quest for the Orb.
     0 | D:1      | Reached XP level 1. HP: 12/12 MP: 3/3
     0 | D:1      | 0 ||| qw: Version: 0.3-a-9-g12657ce
     0 | D:1      | 0 ||| qw: Game counter: 2329
     0 | D:1      | 0 ||| qw: Always use a shield: true
     0 | D:1      | 0 ||| qw: God list: Okawaru
     0 | D:1      | 0 ||| qw: Allow faded altars: false
     0 | D:1      | 0 ||| qw: Do Orc after D:15 true
     0 | D:1      | 0 ||| qw: Do second Lair branch before Depths: true
     0 | D:1      | 0 ||| qw: Lair rune preference: random
     0 | D:1      | 0 ||| qw: Plans: Normal
     0 | D:1      | 0 ||| PLANNING D:1-11
   269 | D:1      | Found a faded altar of an unknown god.
   317 | D:1      | Reached XP level 2. HP: 16/16 MP: 4/4
   319 | D:1      | Reached skill level 6 in Ranged Weapons
   666 | D:1      | 666 ||| UPGRADING to +0 cloak.
   671 | D:1      | 671 ||| UPGRADING to +0 ring mail.
   681 | D:1      | 681 ||| DROPPING +0 leather armour.
   682 | D:1      | 682 ||| READING scroll labelled BYOGIYFUKK.
   683 | D:1      | 683 ||| READING scroll labelled UHIYMNOZUFI.
   684 | D:1      | 684 ||| READING scroll labelled HIDGHI KUEFUANN.
   685 | D:1      | 685 ||| DRINKING 3 fuming yellow potions.
   736 | D:1      | 736 ||| DROPPING scroll of butterflies.
   737 | D:1      | 737 ||| DROPPING 2 potions of lignification.
   935 | D:2      | Reached XP level 3. HP: 20/20 MP: 5/5
  1027 | D:2      | Found Gajit's Magic Scroll Boutique.
  1044 | D:2      | 1044 ||| FLEEEEING.
  1045 | D:2      | 1045 ||| FLEEEEING.
  1046 | D:2      | 1046 ||| FLEEEEING.
  1047 | D:2      | 1047 ||| FLEEEEING.
  1048 | D:2      | 1048 ||| FLEEEEING.
  1069 | D:2      | 1069 ||| BUYING scroll of enchant weapon (82 gold).
  1069 | D:2      | Bought a scroll of enchant weapon for 82 gold pieces
  1069 | D:2      | 1069 ||| BUYING scroll of identify (22 gold).
  1069 | D:2      | Bought a scroll of identify for 22 gold pieces
  1069 | D:2      | 1069 ||| SHOPLISTING scroll of teleportation (33 gold, have
                  | 19).
  1069 | D:2      | 1069 ||| READING scroll of enchant weapon.
  1069 | D:2      | 1069 ||| ENCHANTING +1 shortbow.
  1205 | D:2      | 1205 ||| READING scroll labelled WELIJE TENYRO.
  1225 | D:3      | 1225 ||| STAIRDANCE
  1243 | D:3      | 1243 ||| STAIRDANCE
  1245 | D:2      | HP: 3/20 [gnoll/+0 club (7)]
  1246 | D:2      | HP: 1/20 [gnoll/+0 club (2)]
  1247 | D:2      | Slain by a gnoll

Levels and vault maps discovered:
D:1:      amcnicky_arrival_single_pillar, layout_loops_ring,
          shapermc_ecumenical_altar_notcrosses, supply_closet_lemuel,
          minivault_5, minmay_tetromino_l2
D:2:      layout_rooms, serial_shops, nicolae_shop_gibbet_a_chance,
          chequers_serial_rivers_micro_e, kennysheep_small_spiral
D:3:      layout_basic, nicolae_overflow_hallway_of_the_gods

Skill      XL: |  1  2 |
---------------+-------+-----
Ranged Weapons | 6 |  6.8
Fighting       | |  1.5
Dodging        | |  2.4
Stealth        | |  1.2

Action                     || total
---------------------------++-------
   Fire: Shortbow          ||    77
    Use: Scroll            ||     5
         Potion            ||     1
 Armour: Leather armour    ||     1
         Ring mail         ||     6
  Dodge: Dodged            ||    16

Table legend:
 A = Non-vault XP
 B = Vault XP
 C = Vault XP percentage of total XP
 D = Non-vault monster count
 E = Vault monster count
 F = Vault count percentage of total count
                 A         B        C        D         E       F
            +---------+---------+-------+---------+---------+-------
      Total |      53 |       1 |   1.9 |      25 |       1 |   3.8
            +---------+---------+-------+---------+---------+-------
        D:1 |      18 |       1 |   5.3 |      11 |       1 |   8.3
        D:2 |      35 |       0 |   0.0 |      14 |       0 |   0.0
            +---------+---------+-------+---------+---------+-------
